 Dungeon Crawl Stone Soup version 0.31-a0-237-g2d982f9f85 (webtiles) character file.

Game seed: 12177210606616910801

44 LeprechaunX the Insei (level 3, 0/23 HPs)
             Began as an Octopode Transmuter on July 11, 2023.
             Slain by Natasha (8 damage)
             ... on level 2 of the Dungeon.
             The game lasted 00:03:38 (1103 turns).

LeprechaunX the Insei (Octopode Transmuter)         Turns: 1103, Time: 00:03:39

Health: 0/23       AC:  1    Str: 11    XL:     3   Next: 60%
Magic:  4/6        EV: 13    Int: 15    God:
Gold:   70         SH:  0    Dex: 12    Spells: 3/6 levels left

rFire   . .          .
                       - Unarmed
rCold   . . .        (no shield)
rNeg    . . .        (helmet currently unavailable)
rPois   .            (no amulet)
rElec   .            (no ring)
rCorr   .            (no ring)
SInv    .            (no ring)
Will    .....        (no ring)
Stlth   ++           (no ring)
HPRegen 0.23/turn    (no ring)
MPRegen 0.10/turn    (no ring)
                     (no ring)

%: no passive effects
@: appendages (expiring), wereblooded
A: tentacle spike 3, almost no armour, amphibious, 8 rings, camouflage 1,
gelatinous body 1, (nimble swimmer 1), tentacles
a: End Transformation


You were on level 2 of the Dungeon.
One of your tentacles had grown a beastly spike.
You visited 1 branch of the dungeon, and saw 2 of its levels.

You collected 70 gold pieces.

Inventory:

Scrolls
 c - 2 scrolls of vulnerability {unknown}
 d - a scroll of teleportation {unknown}
 g - a scroll of identify {unknown}
Potions
 a - a potion of lignification
 b - 2 potions of attraction {unknown}
 e - a potion of curing {unknown}
 f - a potion of brilliance {unknown}
 h - a potion of might {unknown}


   Skills:
 + Level 1.5 Fighting
 + Level 2.3 Dodging
 * Level 3.4 Unarmed Combat
 + Level 2.1 Spellcasting
 * Level 2.6 Transmutations


You had 3 spell levels left.
You knew the following spells:

 Your Spells              Type           Power      Damage    Failure   Level
a - Beastly Appendage     Tmut           18%        N/A       8%          1
b - Wereblood             Tmut           9%         N/A       11%         2

Your spell library contained the following spells:

 Spells                   Type           Power      Damage    Failure   Level
 Lesser Beckoning         Tloc           2%         N/A       32%         2
 Spider Form              Tmut/Pois      5%         N/A       36%         3
 Call Canine Familiar     Summ           1%         N/A       54%         3
 Gell's Gravitas          Tloc           1%         N/A       54%         3
 Portal Projectile        Hex/Tloc       2%         N/A       54%         3
 Teleport Other           Tloc           1%         N/A       54%         3
 Ice Form                 Ice/Tmut       5%         N/A       77%         4
 Leda's Liquefaction      Hex/Erth       0%         N/A       91%         4


Dungeon Overview and Level Annotations

Branches:
Dungeon (2/15)

Altars:

Shops:
D:2 [

Annotations:
D:2 Natasha


Innate Abilities, Weirdness & Mutations

One of your tentacles has grown a beastly spike.
You cannot wear most types of armour.
You are amphibious.
You can wear up to eight rings at the same time.
Your skin changes colour to match your surroundings (Stealth+).
Your rubbery body absorbs attacks. (AC +1, EV +1)
((You are camouflaged when in or above water. (Stealth+)))
You have tentacles for arms and can constrict up to eight enemies at once.


Message History

The withered plant is lightly damaged.
You constrict the withered plant.
The ball python zombie bites the withered plant.
The ball python zombie constricts the withered plant.
The ball python zombie bites the withered plant.
The cerulean imp completely misses you.
The jackal zombie bites the withered plant.
You release your grip on the withered plant.
The withered plant crumbles away.
The ball python zombie loses its grip on the withered plant.
The cerulean imp hits you from afar with a +2 spear.
The cerulean imp hits the withered plant with a +1 spear.
The withered plant begins to crumble.
The ball python zombie bites the withered plant.
The withered plant begins to crumble.
The ball python zombie grabs the withered plant.
The ball python zombie constricts the withered plant.
The jackal zombie bites the withered plant.
Something claws the withered plant.
The ball python zombie bites the withered plant.
The ball python zombie constricts the withered plant.
The withered plant crumbles away.
Natasha mumbles some strange words.
Natasha shimmers violently.
The cerulean imp hits you with a +2 spear.
The ball python zombie loses its grip on the withered plant.
The cerulean imp barely misses you.
You barely miss the cerulean imp. You grab the cerulean imp.
You squeeze the cerulean imp.
The cerulean imp is moderately wounded.
You constrict the cerulean imp, but do no damage.
The cerulean imp hits you but does no damage.
The cerulean imp misses you.
You tentacle-slap the cerulean imp but do no damage.
Your tentacle spike misses the cerulean imp.
The cerulean imp is moderately wounded.
You constrict the cerulean imp.
The withered plant crumbles away.
The cerulean imp hits you with a +2 spear.
Natasha claws you!
You die...

). ♣. ##.## ..P♣♣
### ...P♣♣♣♣♣
PP..P...♣♣
♣♣♣PPZ..ZP♣##
######.♣♣♣P..ZZ..#
.........♣♣♣♣♣.5Z#
######..##..###h5#
######..##..# ##@#
†..††.......# #.#
#.......##..# #.#
#..###.###..# #.#
...# #.# #### #.#
..[# #.# #.# ####
#.#########.#
#...........#
#############


You could see Natasha, 2 cerulean imps, a ball python simulacrum, 2 ball python
zombies and a jackal zombie.

Vanquished Creatures
  3 dart slugs
  3 bats (D:1)
  4 endoplasms
  5 giant cockroaches (D:2)
  5 goblins
  3 hobgoblins
  2 quokkas (D:1)
  3 ball pythons
  2 frilled lizards (D:1)
  A kobold (D:1)
  3 rats (D:2)
34 creatures vanquished.

Notes
Turn   | Place    | Note
-------+----------+-------------------------------------------
     0 | D:1      | LeprechaunX the Octopode Transmuter began the quest for the
                  | Orb.
     0 | D:1      | Reached XP level 1. HP: 13/13 MP: 3/3
   136 | D:1      | Reached XP level 2. HP: 18/18 MP: 5/5
   737 | D:2      | Reached XP level 3. HP: 22/23 MP: 6/6
   768 | D:2      | Found Xevaroiwk's Armour Boutique.
   898 | D:2      | Learned a level 2 spell: Wereblood
  1086 | D:2      | Noticed Natasha
  1103 | D:2      | Slain by Natasha

Illustrated notes

Levels and vault maps discovered:
D:1:      tarquinn_simple_flora_water_b, layout_rooms
D:2:      layout_loops_ring, basic_altar, serial_shops, shop, shop,
          dilly_guarded_unrand_morg

Action                     || total
---------------------------++-------
  Melee: Unarmed           ||    79
         Punch             ||     5
         Constrict         ||    23
         Tentacles         ||    17
         Kick              ||     1
   Cast: Beastly Appendage ||     1
         Wereblood         ||     1
   Stab: Sleeping          ||     3
         Distracted        ||     1
 Armour: Skin              ||     6
  Dodge: Dodged            ||    55

Table legend: (Time is in decaauts)
 A = Elapsed time spent in this place.
 B = Non-inter-level travel time spent in this place.
 C = Inter-level travel time spent in this place.
 D = Time resting spent in this place.
 E = Time spent auto-exploring this place.
 F = Levels seen in this place.
 G = Mean time per level.
                   A        B        C        D        E       F      G
               +--------+--------+--------+--------+--------+-----+--------+
         Total |   1098 |   1085 |     13 |    149 |    694 |   2 |  549.0 |
       Dungeon |   1098 |   1085 |     13 |    149 |    694 |   2 |  549.0 |
               +--------+--------+--------+--------+--------+-----+--------+

Top non-repeatable levels by time:
     D:1: 684 daAuts
     D:2: 413 daAuts
